 Dungeon Crawl Stone Soup version 0.31-a0-750-gfe7b580527 (webtiles) character file.

Game seed: 9347218852171316313

747 CowFu the Cudgeller (level 7, 0/44 HPs)
             Began as a Gargoyle Fighter on Sept 14, 2023.
             Slain by an ice beast (10 damage)
             ... on level 5 of the Dungeon.
             The game lasted 00:05:42 (3508 turns).

CowFu the Cudgeller (Gargoyle Fighter)              Turns: 3508, Time: 00:05:42

Health: 0/44       AC: 14    Str: 22    XL:     7   Next: 77%
Magic:  7/7        EV:  8    Int:  8    God:
Gold:   214        SH:  4    Dex:  9    Spells: 6/6 levels left

rFire   . . .        v - +1 whip (elec)
rCold   . . .        c - +0 buckler
rNeg    + . .        y - +0 chain mail
rPois   ∞            (no helmet)
rElec   +            (no cloak)
rCorr   .            (no gloves)
SInv    .            (no boots)
Will    .....        (no amulet) Stlth
                     (no ring)
HPRegen 0.27/turn    (no ring)
MPRegen 0.10/turn

%: no passive effects
@: no status effects
A: sickness immunity, AC +4, negative energy resistance 1, electricity
resistance, torment resistance 1, petrification resistance
a: no special abilities


You were on level 5 of the Dungeon.
You visited 1 branch of the dungeon, and saw 5 of its levels.

You collected 234 gold pieces.
You spent 20 gold pieces at shops.

Inventory:

Hand Weapons
 a - a +0 flail
 v - a +1 whip of electrocution (weapon)
Missiles
 g - a throwing net
Armour
 c - a +0 buckler (worn)
 y - a +0 chain mail (worn)
Jewellery
 p - a +4 ring of protection
 q - a ring of protection from cold
Wands
 d - a wand of flame (11)
 f - a wand of polymorph (6)
Scrolls
 b - a scroll of fear {unknown}
 e - a scroll of immolation {unknown}
 h - 2 scrolls of teleportation
 j - a scroll of blinking {unknown}
 l - 2 scrolls of poison {unknown}
 n - a scroll of silence {unknown}
 r - a scroll of revelation {unknown}
 w - 2 scrolls of brand weapon {unknown}
 x - 2 scrolls of vulnerability {unknown}
Potions
 i - a potion of lignification
 k - a potion of haste
 m - a potion of invisibility
 o - a potion of brilliance
 s - a potion of enlightenment {unknown}
 t - a potion of curing {unknown}
 u - a potion of berserk rage {unknown}


   Skills:
 + Level 4.5 Fighting
 - Level 7.0 Maces & Flails
 + Level 4.5 Armour
 + Level 4.5 Shields


You had 6 spell levels left.
You didn't know any spells.
Your spell library contained the following spells:

 Spells                   Type           Power      Damage    Failure   Level
 Ozocubu's Armour         Ice            0%         N/A       100%        3
 Metabolic Englaciation   Hex/Ice        0%         N/A       100%        5
 Simulacrum               Ice/Necr       0%         N/A       100%        6


Dungeon Overview and Level Annotations

Branches:
Dungeon (5/15)
 Temple: D:4-7

Altars:

Shops:
D:1 =*(   D:4 *


Innate Abilities, Weirdness & Mutations

You are immune to sickness and miasma.
Your stone body is resilient. (AC +4)
You are immune to poison.
You resist negative energy. (rN+)
You are resistant to electric shocks. (rElec)
You are resistant to unholy torment.
You are immune to petrification.


Message History

The orc priest invokes the aid of Beogh against you.
Beogh smites you!
* * * LOW HITPOINT WARNING * * *
The ice beast hits you but does no damage.
You are too injured to fight recklessly!
You are too injured to fight recklessly!
You are too injured to fight recklessly!
You are too injured to fight recklessly!
You are too injured to fight recklessly!
You are too injured to fight recklessly!
You are too injured to fight recklessly!
You are too injured to fight recklessly!
You are too injured to fight recklessly!
You are too injured to fight recklessly!
You are too injured to fight recklessly!
You are too injured to fight recklessly!
You are too injured to fight recklessly!
You are too injured to fight recklessly!
You are too injured to fight recklessly!
Okay, then.
You whack the orc priest!
Lightning courses through the orc priest!
You kill the orc priest!
You block the ice beast's attack.
You closely miss the ice beast.
The ice beast hits you but does no damage.
You hit the ice beast.
The ice beast is lightly wounded.
You closely miss the ice beast.
The ice beast is lightly wounded.
The ice beast hits you but does no damage.
You closely miss the ice beast.
The ice beast is lightly wounded.
You block the ice beast's attack.
You barely miss the ice beast.
The ice beast is lightly wounded.
The ice beast hits you.
* * * LOW HITPOINT WARNING * * *
The ice beast freezes you!
You die...

### # #.. .#. #
#.#.# .... ...##.#.#
#.#.# .#
#.....)Y#####.#.##.#
#@##.....>...
#.##.......#
#.#..........#
#...)........#
######.......# #
######.......###..##
......†..........^..
##...†..........
....#####.##.####


You could see an ice beast.

Vanquished Creatures
  Grinder (D:5)
  An ogre (D:4)
  A phantom (D:4)
  A bullfrog (D:5)
  A howler monkey (D:4)
  2 orc priests (D:5)
  An iguana (D:4)
  Ijyb (D:2)
  A sleepcap (D:3)
  A gnoll (D:3)
  3 adders
  An ufetubus (D:5)
  3 worms (D:2)
  2 dart slugs
  5 orcs
  6 endoplasms
  3 giant cockroaches
  7 hobgoblins
  2 jackals (D:2)
  6 quokkas
  6 ball pythons
  11 bats
  3 frilled lizards
  10 goblins
  12 kobolds
  7 rats
98 creatures vanquished.

Notes
Turn   | Place    | Note
-------+----------+-------------------------------------------
     0 | D:1      | CowFu the Gargoyle Fighter began the quest for the Orb.
     0 | D:1      | Reached XP level 1. HP: 14/14 MP: 1/1
    78 | D:1      | Found Ankui's Weapon Boutique.
    96 | D:1      | Reached XP level 2. HP: 16/19 MP: 2/2
   257 | D:1      | Reached skill level 3 in Maces & Flails
   283 | D:1      | Found Hoklun's General Store.
   314 | D:1      | Bought a scroll of identify for 20 gold pieces
   328 | D:1      | Found Xiwil's Jewellery Boutique.
   589 | D:1      | Reached XP level 3. HP: 16/23 MP: 3/3
  1215 | D:2      | Reached skill level 4 in Maces & Flails
  1303 | D:2      | Reached XP level 4. HP: 17/28 MP: 4/4
  1602 | D:3      | Noticed Ijyb
  1630 | D:2      | Killed Ijyb
  1866 | D:3      | Found a faded altar of an unknown god.
  2056 | D:3      | Reached skill level 5 in Maces & Flails
  2056 | D:3      | Reached XP level 5. HP: 27/32 MP: 5/5
  2696 | D:4      | Reached skill level 6 in Maces & Flails
  2745 | D:4      | Reached XP level 6. HP: 28/37 MP: 6/6
  2749 | D:4      | Identified the +1 mace "Worm" {pain, Str+2}
  3044 | D:4      | Reached skill level 7 in Maces & Flails
  3119 | D:4      | Found Eski's Overcharged Wands.
  3296 | D:5      | Entered Level 5 of the Dungeon
  3296 | D:5      | Noticed Grinder
  3301 | D:5      | Paralysed by Grinder for 2 turns
  3322 | D:5      | Paralysed by Grinder for 5 turns
  3328 | D:5      | Killed Grinder
  3329 | D:5      | Reached XP level 7. HP: 33/43 MP: 7/7
  3508 | D:5      | Slain by an ice beast

Illustrated notes

Levels and vault maps discovered:
D:1:      minmay_arrival_four_houses, layout_loops_ring, serial_shops,
          nicolae_shop_crystal, nicolae_square_shop, nicolae_shop_trees,
          minivault_11
D:2:      wad_river_or_something, layout_rooms, minmay_tripent
D:3:      layout_loops_cross, shapermc_ecumenical_altar_mp_urbaneastern,
          kennysheep_generic_room_6, uniq_ijyb
D:4:      layout_cave_pools, nicolae_shop_overcharged_wands
D:5:      minmay_diamond_boxcup, layout_loops_ring, minmay_ogre_servants,
          uniq_grinder

Skill      XL: |  1  2  3  4  5  6 |
---------------+-------------------+-----
Maces & Flails | 3 4 5 6 7 |  7.0
Fighting       | 4 |  4.5
Armour         | 4 |  4.5
Shields        | 4 |  4.5

Action                     |  1- 3 |  4- 6 |  7- 9 || total
---------------------------+-------+-------+-------++-------
  Melee: Flail             |   182 |   126 |       ||   308
         Whip              |       |    43 |    43 ||    86
    Use: Potion            |       |     1 |       ||     1
         Scroll            |       |     2 |     3 ||     5
 Armour: Scale mail        |   146 |   117 |       ||   263
         Chain mail        |       |    18 |    30 ||    48
  Dodge: Dodged            |   101 |    88 |     7 ||   196
  Block: Buckler           |    49 |    29 |    12 ||    90

Table legend: (Time is in decaauts)
 A = Elapsed time spent in this place.
 B = Non-inter-level travel time spent in this place.
 C = Inter-level travel time spent in this place.
 D = Time resting spent in this place.
 E = Time spent auto-exploring this place.
 F = Levels seen in this place.
 G = Mean time per level.
                   A        B        C        D        E       F      G
               +--------+--------+--------+--------+--------+-----+--------+
         Total |   3571 |   3436 |    135 |      0 |   2586 |   5 |  714.2 |
       Dungeon |   3571 |   3436 |    135 |      0 |   2586 |   5 |  714.2 |
               +--------+--------+--------+--------+--------+-----+--------+

Top non-repeatable levels by time:
     D:3: 982 daAuts
     D:2: 882 daAuts
     D:1: 880 daAuts
     D:4: 627 daAuts
     D:5: 199 daAuts
